 Dungeon Crawl Stone Soup version 0.26-b1-52-g61e05abef2 (webtiles) character file.

Game seed: 4989311747640739391

3 ragingrage the Stinger (level 1, -2/15 HPs)
             Began as a Naga Venom Mage on Jan 7, 2021.
             Slain by a kobold
             ... wielding a +2 short sword of freezing
              (5 damage)
             ... on level 1 of the Dungeon.
             The game lasted 00:00:31 (442 turns).

ragingrage the Stinger (Naga Venom Mage)             Turns: 442, Time: 00:00:32

Health: -2/15      AC:  1    Str: 10    XL:     1   Next: 50%
Magic:  0/3        EV: 10    Int: 15    God:
Gold:   9          SH:  0    Dex: 11    Spells: 3/4 levels left

rFire    . . .     SeeInvis +   (no weapon)
rCold    . . .     Faith    .   (no shield)
rNeg     . . .     Spirit   .   a - +0 robe
rPois    +         Reflect  .   (no helmet)
rElec    .         Harm     .   (no cloak)
rCorr    .         Rampage  .   (no gloves)
Will     .....                  (no barding)
Stlth    ++........             (no amulet)
HPRegen  0.05/turn              (no ring)
MPRegen  0.08/turn              (no ring)

@: very slow
A: large, see invisible, deformed body, poison resistance, slowness 2, spit
poison 1, AC +0
a: Spit Poison


You were on level 1 of the Dungeon.
You visited 1 branch of the dungeon, and saw 1 of its levels.

You collected 9 gold pieces.

Inventory:

Armour
 a - a +0 robe (worn)
Scrolls
 d - a scroll of remove curse {unknown}
 e - a scroll of enchant armour {unknown}
Potions
 b - a potion of might {unknown}
 c - a potion of heal wounds {unknown}
 f - a potion of haste {unknown}


   Skills:
 - Level 1.5 Dodging
 - Level 3.0 Stealth
 - Level 2.0 Spellcasting
 - Level 1.0 Transmutations
 + Level 4.3 Poison Magic


You had 3 spell levels left.
You knew the following spells:

 Your Spells              Type           Power        Failure   Level
a - Sting                 Tmut/Pois      36%          8%          1

Your spell library contained the following spells:

 Spells                   Type           Power        Failure   Level
 Poisonous Vapours        Pois/Air       16%          14%         2
 Ignite Poison            Fire/Tmut/Pois 6%           32%         3
 Mephitic Cloud           Conj/Pois/Air  5%           36%         3
 Olgreb's Toxic Radiance  Pois           14%          36%         4


Dungeon Overview and Level Annotations

Branches:
Dungeon (1/15)

Altars:


Innate Abilities, Weirdness & Mutations

You cannot wear boots.
Your serpentine skin is tough. (AC +0)
You have supernaturally acute eyesight. (SInv)
Armour fits poorly on your strangely shaped body.
Your system is resistant to poisons. (rPois)
You cover ground very slowly.
You can spit poison.


Message History

The hobgoblin is almost dead.
A hobgoblin comes into view. It is wielding a +0 club.
The sting hits the hobgoblin.
The hobgoblin looks even sicker.
You kill the hobgoblin!
The kobold hits you with a +2 short sword of freezing.
The kobold freezes you. The kobold closely misses you.
The sting misses the kobold.
The kobold hits you with a +2 short sword of freezing.
The kobold freezes you. The hobgoblin hits you with a +0 club.
* * * LOW HITPOINT WARNING * * *
The kobold hits you but does no damage.
Aiming: Sting (safe; 8% risk of failure)
Press: ? - help, Q - select action, (/) - cycle Shift-Dir - straight line, f/p - kobold
Aim: a kobold, wielding a +2 short sword of freezing (40% to evade)
The sting hits the kobold but does no damage.
The kobold is poisoned.
The kobold hits you with a +2 short sword of freezing.
You die...

###...#.##.##.####. ....
..................
..#.####..##............
..........................>...
..............................
.....#..#...# #...............
.....#..#...###.##g##.##.#..#.
.................K...........
................@............
...............###.#♣#####..g.
......#.#......♣ ♣♣#.####♣#.#.
.............###♣♣♣.#.≈##≈#
..#...#)#...###...........#
......#.#...# ♣...........♣#
......#.#...# ♣..##'####..≈#
..#.###.#...##♣..#.....#..#♣
.............♣...#.<...+...#♣


You could see a hobgoblin and a kobold (poisoned).

Vanquished Creatures
  2 hobgoblins (D:1)
  A rat (D:1)
3 creatures vanquished.

Notes
Turn   | Place    | Note
-------+----------+-------------------------------------------
     0 | D:1      | ragingrage the Naga Venom Mage began the quest for the Orb.
     0 | D:1      | Reached XP level 1. HP: 15/15 MP: 3/3
   442 | D:1      | Slain by a kobold

Illustrated notes

Levels and vault maps discovered:
D:1:      saegor_arrival_under_anarchy, layout_basic

Action                   || total
-------------------------++-------
Melee: Unarmed           ||     6
 Cast: Sting             ||     5
 Stab: Sleeping          ||     1
Dodge: Dodged            ||     1
